 Dungeon Crawl Stone Soup version 0.31.0-11-ge490571c62 (webtiles) character file.

Game seed: 2796282722827824615

147 qw the Skirmisher (level 5, -1/29 HPs)
             Began as a Deep Elf Hunter on Feb 3, 2024.
             Slain by a ribbon worm (7 damage)
             ... on level 3 of the Dungeon.
             The game lasted 00:00:08 (2022 turns).

qw the Skirmisher (Deep Elf Hunter)                 Turns: 2022, Time: 00:00:09

Health: -1/29      AC:  6    Str: 10    XL:     5   Next: 7%
Magic:  7/7        EV: 11    Int: 14    God:
Gold:   78         SH:  0    Dex: 18    Spells: 4/4 levels left

rFire   . . .        a - +0 shortbow
rCold   . . .        (shield currently unavailable)
rNeg    . . .        d - +0 ring mail
rPois   .            (no helmet)
rElec   .            (no cloak)
rCorr   .            (no gloves)
SInv    .            h - +0 pair of boots
Will    .....        (no amulet)
Stlth   +            (no ring)
HPRegen 0.24/turn    (no ring)
MPRegen 0.10/turn

%: no passive effects
@: no status effects
A: no striking features
a: no special abilities


You were on level 3 of the Dungeon.
You visited 1 branch of the dungeon, and saw 3 of its levels.

You collected 167 gold pieces.
You spent 89 gold pieces at shops.


   Skills:
 - Level 1.5 Fighting
 + Level 8.5 Ranged Weapons
 - Level 2.4 Dodging
 - Level 1.2 Stealth


You had 4 spell levels left.
You didn't know any spells.
Your spell library was empty.

Inventory:

Hand Weapons
 a - a +0 shortbow (weapon)
Armour
 d - a +0 ring mail (worn)
 h - a +0 pair of boots (worn)
Potions
 b - a potion of degeneration {unknown}
 c - a potion of brilliance {unknown}
 e - a potion of curing
 f - a potion of haste {unknown}
 g - a potion of might
 j - a potion of mutation {unknown}

Dungeon Overview and Level Annotations

Branches:
Dungeon (3/15)

Altars:
Makhleb
Nemelex Xobeh
Qazlal
Zin

Shops:
D:2 ?*


Message History

The endoplasm freezes you.
You are frozen.
You shoot an arrow. The arrow barely misses the endoplasm.
The arrow barely misses the orc.
The endoplasm hits you.
You shoot an arrow. The arrow barely misses the endoplasm.
The arrow hits the orc but does no damage.
The orc is severely wounded.
The endoplasm freezes you.
You are frozen.
You shoot an arrow. The arrow hits the endoplasm.
You kill the endoplasm!
The orc hits you with a +0 dagger.
You shoot an arrow. The arrow barely misses the orc.
The orc barely misses you.
You shoot an arrow. The arrow completely misses the orc.
The orc misses you.
You shoot an arrow. The arrow hits the orc.
The orc is almost dead.
The orc hits you but does no damage.
You shoot an arrow. The arrow hits the orc.
You kill the orc!
You shoot an arrow.
The arrow barely misses the ribbon worm.
The ribbon worm closely misses you.
You shoot an arrow. The arrow hits the ribbon worm.
The ribbon worm is lightly wounded.
The ribbon worm bites you.
You shoot an arrow. The arrow hits the ribbon worm!
The ribbon worm is heavily wounded.
The ribbon worm expels a string of sticky webbing.
The stream of webbing hits you but does no damage.
You are caught in a web!
The web tears apart.
The ribbon worm bites you.
You shoot an arrow.
The arrow hits the ribbon worm but does no damage.
The ribbon worm is moderately wounded.
The ribbon worm bites you!
You die...

#... ##...##
##.##.....##.## #
#.......#.#
#...}...#.#
#....!..#.# # #
#.....##%## # #..
#...##...## #
.....##w##.....# #
...%...@)......#
###
.....#####.....#
###.. #..
##...######...# #
######.....### ##
###.##### .##
#...####### ..#
###..........
#.#####............
#.##....#........<.


You could see a ribbon worm.

Vanquished Creatures
  Terence (D:3)
  3 adders
  3 dart slugs
  2 orcs (D:3)
  11 endoplasms
  A giant cockroach (D:2)
  9 goblins
  6 hobgoblins
  4 jackals (D:2)
  4 kobolds
  7 quokkas
  9 ball pythons
  10 bats
  4 frilled lizards
  7 rats
81 creatures vanquished.

Notes
Turn   | Place    | Note
-------+----------+-------------------------------------------
     0 | D:1      | qw the Deep Elf Hunter began the quest for the Orb.
     0 | D:1      | Reached XP level 1. HP: 12/12 MP: 3/3
     0 | D:1      | 0 ||| qw: Version: 0.3-a-157-g843a77d
     0 | D:1      | 0 ||| qw: Game counter: 3665
     0 | D:1      | 0 ||| qw: Melee chars always use a shield: true
     0 | D:1      | 0 ||| qw: God list: Okawaru
     0 | D:1      | 0 ||| qw: Allow faded altars: false
     0 | D:1      | 0 ||| qw: Do Orc after clearing Dungeon:15 true
     0 | D:1      | 0 ||| qw: Do second Lair branch before Depths: true
     0 | D:1      | 0 ||| qw: Lair rune preference: random
     0 | D:1      | 0 ||| qw: Goals: Normal
     0 | D:1      | 0 ||| PLANNING D:1-11
    69 | D:1      | You fall into a shaft and drop 1 floor!
    83 | D:2      | 83 ||| UPGRADING to +0 ring mail.
    93 | D:2      | 93 ||| DROPPING +0 leather armour.
    94 | D:2      | 94 ||| DROPPING scroll of butterflies.
   114 | D:1      | Reached XP level 2. HP: 7/16 MP: 4/4
   115 | D:1      | Reached skill level 6 in Ranged Weapons
   603 | D:1      | Reached XP level 3. HP: 20/20 MP: 5/5
   884 | D:1      | 884 ||| READING scroll labelled TEQ NUUCOMUU.
   889 | D:1      | 889 ||| READING 2 scrolls labelled OSAOFF NILUVETO.
   890 | D:1      | 890 ||| READING scroll labelled RUHEIPS KESAC.
   891 | D:1      | 891 ||| DROPPING scroll of noise.
   979 | D:2      | Reached skill level 7 in Ranged Weapons
  1058 | D:2      | Found Oniunosm's General Store.
  1064 | D:2      | 1064 ||| SHOPLISTING +2 orcbow of freezing (201 gold, have
                  | 106).
  1064 | D:2      | 1064 ||| BUYING potion of curing (33 gold).
  1064 | D:2      | Bought a potion of curing for 33 gold pieces
  1064 | D:2      | 1064 ||| SHOPLISTING wand of digging (5) (231 gold, have
                  | 73).
  1064 | D:2      | 1064 ||| SHOPLISTING wand of flame (13) (100 gold, have
                  | 73).
  1076 | D:2      | Found Ewegiwn's Magic Scroll Shop.
  1081 | D:2      | 1081 ||| SHOPLISTING 2 scrolls of teleportation (84 gold,
                  | have 73).
  1081 | D:2      | 1081 ||| BUYING scroll of identify (28 gold).
  1081 | D:2      | Bought a scroll of identify for 28 gold pieces
  1081 | D:2      | 1081 ||| BUYING scroll of identify (28 gold).
  1081 | D:2      | Bought a scroll of identify for 28 gold pieces
  1081 | D:2      | 1081 ||| SHOPLISTING scroll of teleportation (42 gold, have
                  | 17).
  1157 | D:2      | Reached XP level 4. HP: 25/25 MP: 6/6
  1269 | D:2      | Found a burning altar of Makhleb.
  1364 | D:2      | Found a faded altar of an unknown god.
  1367 | D:2      | Identified the flux talisman of Trumpets {Will+}
  1621 | D:2      | 1621 ||| UPGRADING to +0 pair of boots.
  1626 | D:2      | 1626 ||| READING 2 scrolls of identify.
  1626 | D:2      | 1626 ||| IDENTIFYING fizzy silvery potion
  1627 | D:2      | 1627 ||| READING scroll of identify.
  1627 | D:2      | 1627 ||| IDENTIFYING white potion
  1628 | D:2      | 1628 ||| READING scroll labelled POICIENOHA.
  1629 | D:2      | 1629 ||| READING scroll labelled ROLANI AHICH.
  1630 | D:2      | 1630 ||| DROPPING potion of ambrosia.
  1807 | D:3      | Noticed Terence
  1821 | D:3      | Killed Terence
  1822 | D:3      | Reached skill level 8 in Ranged Weapons
  1910 | D:3      | Found a stormy altar of Qazlal.
  1910 | D:3      | Found a glowing silver altar of Zin.
  1915 | D:3      | Found a sparkling altar of Nemelex Xobeh.
  2003 | D:3      | Reached XP level 5. HP: 23/29 MP: 7/7
  2013 | D:3      | HP: 7/29 [orc/+0 dagger (1)]
  2019 | D:3      | HP: 7/29 [ribbon worm (2)]
  2022 | D:3      | Slain by a ribbon worm

Levels and vault maps discovered:
D:1:      matt_arrival_spirals, layout_loops_ring
D:2:      layout_loops_ring, ebering_ecumenical_altar_hall, basic_altar,
          serial_shops, shop, shop, minmay_tromino_v4_a
D:3:      minmay_octagon_keep, layout_basic, gammafunk_temple_overflow_claw,
          uniq_terence

Skill      XL: |  1  2  3  4 |
---------------+-------------+-----
Ranged Weapons | 6 7 8 |  8.5
Fighting       | |  1.5
Dodging        | |  2.4
Stealth        | |  1.2

Action                     |  1- 3 |  4- 6 || total
---------------------------+-------+-------++-------
   Fire: Shortbow          |   113 |   115 ||   228
    Use: Scroll            |     3 |     4 ||     7
 Armour: Ring mail         |    27 |    22 ||    49
  Dodge: Dodged            |    38 |    29 ||    67

Table legend:
 A = Non-vault XP
 B = Vault XP
 C = Vault XP percentage of total XP
 D = Non-vault monster count
 E = Vault monster count
 F = Vault count percentage of total count
                 A         B        C        D         E       F
            +---------+---------+-------+---------+---------+-------
      Total |     120 |      90 |  42.9 |      63 |      18 |  22.2
            +---------+---------+-------+---------+---------+-------
        D:1 |      56 |       0 |   0.0 |      34 |       0 |   0.0
        D:2 |      45 |      17 |  27.4 |      19 |       3 |  13.6
        D:3 |      19 |      73 |  79.3 |      10 |      15 |  60.0
            +---------+---------+-------+---------+---------+-------
